 Dungeon Crawl Stone Soup version 0.31.0-32-g396128a36d (webtiles) character file.

Game seed: 13935178296790118493

30079 hawla the Tortoise (level 13, 0/93 (95) HPs)
             Began as a Minotaur Fighter on Mar 10, 2024.
             Was a Follower of Yredelemnul.
             Slain by an orc knight
             ... wielding a +0 glaive
              (12 damage)
             ... on level 2 of the Orcish Mines.
             The game lasted 00:36:30 (14534 turns).

hawla the Tortoise (Minotaur Fighter)              Turns: 14534, Time: 00:36:30

HP:   0/93 (95)     AC: 30    Str: 22    XL:     13   Next: 18%
MP:   19/19         EV:  8    Int:  5    God:    Yredelemnul [*.....]
Gold: 591           SH:  6    Dex: 14    Spells: 12/12 levels left

rFire   . . .        E - +7 scimitar (flame)
rCold   + . .        y - +1 buckler {rC+}
rNeg    . . .        o - +3 plate armour
rPois   .            (helmet restricted)
rElec   .            u - +2 cloak {Will+}
rCorr   .            j - +1 pair of gloves
SInv    .            q - +1 pair of boots
Will    +....        e - amulet of regeneration Stlth
                     f - ring of flight
HPRegen 1.15/turn    (no ring)
MPRegen 0.16/turn

%: random rage (3%)
@: lethally poisoned (0 -> -7), about to teleport, on berserk cooldown, flying,
slowed, lightly drained, very slow
A: horns 2, retaliatory headbutt, claws 1, talons 1, berserk 1
a: Renounce Religion, Recall Undead Harvest


You were on level 2 of the Orcish Mines.
You worshipped Yredelemnul.
Yredelemnul was aware of your devotion.
You visited 3 branches of the dungeon, and saw 15 of its levels.
You also visited: Sewer, Bailey and Ice Cave.

You collected 1534 gold pieces.
You spent 943 gold pieces at shops.

Inventory:

Hand Weapons
 E - a +7 scimitar of flaming (weapon)
Missiles
 l - 31 poisoned darts (quivered)
 D - 5 curare-tipped darts
Armour
 c - the +9 plate armour of the Moon {Harm rC++ rCorr Int-5}
   (You bought it in a shop on level 5 of the Dungeon)

   Int-5:     It affects your intelligence (-5).
   rC++:      It greatly protects you from cold.
   rCorr:     It protects you from acid and corrosion.
   Harm:      It increases damage dealt and taken.
 j - a +1 pair of gloves (worn)
 o - a +3 plate armour (worn)
 q - a +1 pair of boots (worn)
 u - a +2 cloak of willpower (worn)
 y - a +1 buckler of cold resistance (worn)
Jewellery
 e - an amulet of regeneration (around neck)
 f - a ring of flight (left hand)
 C - an amulet of the acrobat
Wands
 a - a wand of charming (4)
 p - a wand of flame (13)
 v - a wand of quicksilver (6)
 x - a wand of roots (47)
Scrolls
 m - 2 scrolls of teleportation
 F - 2 scrolls of vulnerability
 I - a scroll of brand weapon
Potions
 b - 2 potions of cancellation {unknown}
 d - 2 potions of might
 g - 7 potions of curing
 h - 2 potions of degeneration {unknown}
 i - a potion of ambrosia {unknown}
 k - 3 potions of heal wounds {unknown}
 r - 2 potions of magic {unknown}
 s - 4 potions of brilliance {unknown}
 z - 2 potions of enlightenment {unknown}
 A - a potion of experience {unknown}
 B - 2 potions of attraction {unknown}
 G - a potion of invisibility {unknown}
 J - 4 potions of haste {unknown}
Miscellaneous
 t - a phantom mirror


   Skills:
 - Level 3.6 Fighting
 - Level 14.0 Long Blades
 - Level 6.0 Throwing
 + Level 17.8 Armour
 - Level 3.0 Dodging
 - Level 5.0 Shields
 - Level 10.0 Invocations
 - Level 2.0 Evocations


You had 12 spell levels left.
You didn't know any spells.
Your spell library was empty.

Dungeon Overview and Level Annotations

Branches:
Dungeon (12/15)            Temple (1/1) D:7            Lair (0/5) D:9
    Orc (2/2) D:9           Sewer (visited)          Bailey (visited)
  IceCv (visited)
    Elf: Orc:2

Altars:
Ashenzari
Cheibriados
Dithmenos
Elyvilon
Fedhas
Gozag
Hepliaklqana
Kikubaaqudgha
Makhleb
Nemelex Xobeh
Okawaru
Qazlal
Ru
Sif Muna
Trog
Uskayaw
Vehumet
Wu Jian
Xom
Yredelemnul
Zin
The Shining One

Shops:
D:5 [   D:7 *   D:10 [

Annotations:
D:10 exclusion: ice statue


Innate Abilities, Weirdness & Mutations

You have a pair of horns on your head.
You reflexively headbutt those who attack you in melee.
You have sharp fingernails.
You have sharp toenails.
You sometimes lose your temper in combat.


Message History

Your orc wizard zombie barely misses the orc knight.
You closely miss the orc warrior. Your headbutt misses the orc warrior.
The orc warrior is heavily wounded.
You block the orc warrior's attack.
The orc warrior hits you with a +0 mace.
You hear some strange, mumbled words.
A puff of flame appears from out of thin air!
The puff of flame hits you but does no damage.
You block the orc knight's attack.
The orc warrior hits your orc sorcerer zombie with a +0 mace!
The orc warrior hits you from afar with a +1 trident of venom!
You are poisoned.
Your orc sorcerer zombie closely misses the orc warrior.
The orc warrior barely misses your orc sorcerer zombie.
The orc warrior hits you but does no damage. x2
The orc knight roars a battlecry!
The orcs go into a battle-frenzy!
A kobold blastminer comes into view.
You hear some strange, mumbled words.
A magic dart appears from out of thin air!
The magic dart hits you.
An orc high priest comes into view. It is wielding a +0 battleaxe.
Your orc wizard zombie closely misses the orc knight.
You hear a shout!
As you read the scroll of teleportation, it crumbles to dust.
You feel strangely unstable.
You feel extremely sick. You block the orc warrior's attack.
Your orc sorcerer zombie hits the orc warrior but does no damage.
Something hits you but does no damage.
The orc hits your orc sorcerer zombie with a +0 dagger.
The orc warrior hits you with a +0 war axe!
* * * LOW HITPOINT WARNING * * *
The orc warrior hits your orc sorcerer zombie with a +0 mace!
Your orc sorcerer zombie is destroyed!
The orc warrior barely misses you. You furiously retaliate!
You headbutt the orc warrior!
The orc knight hits you from afar with a +0 glaive!
You die...
Your body rises from the dead as a mindless zombie.

#.#.......#
##.........#
##.........#.
##............
##.............
##.#...).)......
#....)..<.......
...#####).)).)).......
..4oo8Z@{....)........
.K.ooo)oo).......#.^..
....oooo.......$..#.#.
....oo.......##...# #
.o...8..#.#.## #.##
...########## ## ...
.#


You could see 2 orc knights, an orc high priest (strong), a kobold blastminer,
an orc sorcerer (strong), a chaos spawn (summoned), 6 orc warriors, an orc
priest (strong), 3 orcs and a friendly orc wizard zombie.

Vanquished Creatures
  Erolcha (Orc:2)
  2 vault guards (Bailey)
  An ironbound frostheart (IceCv)
  Erica (D:9)
  4 death yaks (IceCv)
  A two-headed ogre (D:11)
  Sonja (Orc:1)
  An orc knight (Orc:1)
  An orc sorcerer (Orc:2)
  A manticore (D:11)
  2 rime drakes (D:12)
  2 komodo dragons
  A troll (Orc:1)
  9 polar bears (IceCv)
  Prince Ribbit (Bailey)
  A hornet (D:8)
  A shadow (D:10)
  3 wraiths
  A warg (D:9)
  A basilisk (D:12)
  30 yaks
  4 humans (Bailey)
  4 vampire mosquitoes (D:12)
  An acid dragon (D:12)
  2 water moccasins
  12 ice beasts (D:10)
  2 black bears
  8 orc warriors
  3 ogres
  6 centaurs
  15 wolves
  3 kobold brigands
  12 bullfrogs
  3 scorpions
  A gnoll sergeant (D:9)
  8 wights
  11 killer bees
  2 electric eels (D:10)
  A howler monkey (D:9)
  A jelly (D:6)
  2 hounds
  15 orc priests
  A gnoll bouda (D:6)
  A sleepcap (D:5)
  4 iguanas
  24 orc wizards
  Robin (D:2)
  11 gnolls
  16 adders
  A river rat (Sewer)
  3 shadow imps
  2 white imps
  4 ufetubi
  3 dart slugs
  A ribbon worm (D:2)
  34 orcs
  11 ball pythons
  8 endoplasms
  5 giant cockroaches
  21 goblins
  15 hobgoblins
  2 jackals (D:1)
  20 kobolds
  6 quokkas
  2 bats
  A frilled lizard (D:2)
  22 rats
401 creatures vanquished.

Vanquished Creatures (collateral kills)
  An ironbound frostheart (IceCv)
  A boulder beetle (D:11)
  A two-headed ogre (D:9)
  A death yak (IceCv)
  A cyclops (D:12)
  A troll (D:11)
  A polar bear (IceCv)
  5 yaks
  A shadow (D:12)
  A wyvern (D:9)
  4 wolves
  A kobold brigand (D:7)
  A bullfrog (Bailey)
  A killer bee (D:9)
  A hound (D:7)
  2 gnolls (D:7)
  9 orcs
  A goblin (D:10)
  8 kobolds
  2 butterflies (D:7)
44 creatures vanquished.

Vanquished Creatures (others)
  A death yak zombie (IceCv)
  A troll zombie (D:11)
  4 yak zombies
  A polar bear zombie (IceCv)
  4 wolf zombies
  A centaur zombie (D:12)
  2 bullfrog zombies (Bailey)
  A basilisk zombie (D:12)
  An orc wizard (D:9)
  2 killer bee zombies (D:9)
  An acid dragon zombie (D:12)
  3 ice beast zombies (D:10)
  An ogre zombie (Orc:1)
  A howler monkey zombie (D:9)
  A spectral shadow imp (D:7)
  A kobold (D:6)
  23 orc zombies
49 creatures vanquished.

Grand Total: 494 creatures vanquished

Notes
Turn   | Place    | Note
-------+----------+-------------------------------------------
     0 | D:1      | hawla the Minotaur Fighter began the quest for the Orb.
     0 | D:1      | Reached XP level 1. HP: 19/19 MP: 0/0
   116 | D:1      | Reached skill level 1 in Dodging
   150 | D:1      | Reached XP level 2. HP: 24/26 MP: 1/1
   686 | D:2      | Reached XP level 3. HP: 27/31 MP: 2/2
  1142 | D:2      | Reached XP level 4. HP: 27/39 MP: 3/3
  1151 | D:2      | Reached skill level 5 in Shields
  1725 | D:2      | Noticed Robin
  1730 | D:2      | Reached skill level 1 in Throwing
  1747 | D:2      | Killed Robin
  1995 | D:3      | Found a burning altar of Makhleb.
  2013 | D:3      | Found a sacrificial altar of Ru.
  2017 | D:3      | Found a glowing silver altar of Zin.
  2305 | D:3      | Found a hide-covered altar of Uskayaw.
  2528 | D:4      | Gained mutation: You occasionally lose the ability to drink
                  | potions when taking damage. [potion of mutation]
  2528 | D:4      | Gained mutation: You are strong-willed. (Will+) [potion of
                  | mutation]
  2528 | D:4      | Gained mutation: Your muscles are strong. (Str +4, Int/Dex
                  | -1) [potion of mutation]
  2561 | D:4      | Noticed a scorpion
  2566 | D:4      | Killed a scorpion
  2567 | D:4      | Reached XP level 5. HP: 45/45 MP: 4/4
  3165 | D:4      | Reached XP level 6. HP: 51/51 MP: 5/5
  3250 | D:4      | Identified the +5 broad axe of Toicamug {spect, rN+}
  3636 | D:5      | Entered Level 5 of the Dungeon
  3665 | D:5      | Reached skill level 5 in Throwing
  4038 | D:5      | Found a basalt altar of Yredelemnul.
  4104 | D:5      | Found Ysu Gyr's Antique Armour Boutique.
  4114 | D:5      | Bought an embroidered cloak for 157 gold pieces
  4448 | D:5      | Found an opulent altar of Gozag.
  4453 | D:5      | Reached XP level 7. HP: 47/57 MP: 6/6
  5200 | D:6      | Found a glowing drain.
  5217 | Sewer    | Entered a sewer
  5471 | Sewer    | Reached skill level 5 in Long Blades
  5819 | D:6      | Reached XP level 8. HP: 51/64 MP: 4/7
  6305 | D:7      | Found Rely Ihabb's Assorted Antiques.
  6519 | D:7      | Bought a potion of curing for 54 gold pieces
  6519 | D:7      | Bought a scroll of teleportation for 54 gold pieces
  6519 | D:7      | Bought a dented malachite amulet for 90 gold pieces
  6836 | D:7      | Reached skill level 10 in Long Blades
  6915 | D:7      | Found a staircase to the Ecumenical Temple.
  6921 | Temple   | Entered the Ecumenical Temple
  6968 | D:5      | Became a worshipper of Yredelemnul the Dark
  7076 | D:7      | Identified the +2 falchion of Eternal Harmony {elec,
                  | Stlth+}
  7201 | D:7      | Reached * piety under Yredelemnul
  7434 | D:7      | Identified the +5 war axe "Roicw" {freeze, rElec Str+6
                  | Dex+3}
  7535 | D:7      | Found a radiant altar of Vehumet.
  7541 | D:7      | Lost mutation: You are strong-willed. (Will+) [potion of
                  | mutation]
  7541 | D:7      | Lost mutation: Your muscles are strong. (Str +4, Int/Dex
                  | -1) [potion of mutation]
  7541 | D:7      | Lost mutation: You occasionally lose the ability to drink
                  | potions when taking damage. [potion of mutation]
  7541 | D:7      | Gained mutation: Your natural rate of healing is unusually
                  | fast. [potion of mutation]
  7541 | D:7      | Gained mutation: Your health recovers twice as slowly from
                  | being drained. [potion of mutation]
  7541 | D:7      | Gained mutation: You have a pair of large horns on your
                  | head. [potion of mutation]
  7542 | D:7      | Lost mutation: Your health recovers twice as slowly from
                  | being drained. [potion of mutation]
  7542 | D:7      | Lost mutation: Your natural rate of healing is unusually
                  | fast. [potion of mutation]
  7542 | D:7      | Lost mutation: You have a pair of large horns on your head.
                  | [potion of mutation]
  7542 | D:7      | Gained mutation: You have sharp toenails. [potion of
                  | mutation]
  7542 | D:7      | Gained mutation: You have sharp fingernails. [potion of
                  | mutation]
  7542 | D:7      | Gained mutation: You sometimes lose your temper in combat.
                  | [potion of mutation]
  7612 | D:8      | Reached XP level 9. HP: 70/70 MP: 8/8
  8153 | D:8      | Found a hazy altar of Hepliaklqana.
  8170 | D:8      | Reached ** piety under Yredelemnul
  8705 | D:9      | Noticed Erica
  8712 | D:9      | Found a staircase to the Lair.
  8722 | D:9      | Killed Erica
  8806 | D:9      | Reached *** piety under Yredelemnul
  8813 | D:9      | Reached XP level 10. HP: 77/77 MP: 11/11
  8833 | D:9      | Found an ancient bone altar of Kikubaaqudgha.
  8846 | D:9      | Reached **** piety under Yredelemnul
  8904 | D:9      | Found a staircase to the Orcish Mines.
  9108 | D:9      | Found a shimmering altar of Xom.
  9115 | D:9      | Noticed a two-headed ogre
  9123 | D:9      | Killed a two-headed ogre
  9124 | D:9      | Reached skill level 5 in Invocations
  9706 | D:10     | Entered Level 10 of the Dungeon
  9798 | D:10     | Found a flagged portal.
  9804 | Bailey   | Entered a bailey
  9971 | Bailey   | Noticed a vault guard
  9982 | Bailey   | Killed a vault guard
 10021 | Bailey   | Noticed a vault guard
 10021 | Bailey   | Noticed Prince Ribbit
 10026 | Bailey   | Killed Prince Ribbit
 10032 | Bailey   | Killed a vault guard
 10032 | Bailey   | Reached ***** piety under Yredelemnul
 10033 | Bailey   | Reached XP level 11. HP: 57/82 MP: 17/17
 10197 | D:10     | Reached skill level 10 in Invocations
 10205 | D:10     | Reached skill level 4 in Armour
 10237 | D:10     | Identified the +2 leather armour of Dyeniu {rF+}
 10458 | D:10     | Reached skill level 5 in Armour
 10581 | D:10     | Reached skill level 6 in Armour
 11127 | D:10     | Found Olocrigg's Antique Armour Boutique.
 11245 | D:11     | Reached skill level 7 in Armour
 11329 | D:11     | Reached skill level 8 in Armour
 11411 | D:11     | Noticed a two-headed ogre
 11417 | D:11     | Killed a two-headed ogre
 11418 | D:11     | Reached skill level 9 in Armour
 11765 | D:11     | Reached skill level 10 in Armour
 11789 | D:11     | Noticed a boulder beetle
 11813 | D:11     | Killed a boulder beetle
 12175 | D:12     | Reached skill level 11 in Armour
 12337 | D:12     | Reached skill level 12 in Armour
 12485 | D:12     | Found a frozen archway.
 12493 | D:12     | Reached XP level 12. HP: 90/90 MP: 18/18
 12500 | IceCv    | Entered an ice cave
 12698 | IceCv    | Reached skill level 13 in Armour
 12770 | IceCv    | Reached skill level 14 in Armour
 12884 | IceCv    | Noticed a death yak
 12884 | IceCv    | Noticed an ironbound frostheart
 12885 | IceCv    | Noticed an ironbound frostheart
 12885 | IceCv    | Noticed a death yak
 12885 | IceCv    | Noticed a death yak
 12894 | IceCv    | HP: 1/90 [ironbound frostheart/creeping frost (13)]
 12937 | IceCv    | Reached ****** piety under Yredelemnul
 12989 | IceCv    | Killed an ironbound frostheart
 12990 | IceCv    | Reached skill level 15 in Armour
 13001 | IceCv    | Killed a death yak
 13012 | IceCv    | Killed a death yak
 13028 | IceCv    | Killed a death yak
 13044 | IceCv    | Killed an ironbound frostheart
 13045 | IceCv    | Reached skill level 16 in Armour
 13072 | IceCv    | Identified the +8 war axe of the Spectre {vamp, rN+ Int+3}
 13223 | IceCv    | Noticed a death yak
 13223 | IceCv    | Noticed a death yak
 13232 | IceCv    | Killed a death yak
 13242 | IceCv    | Killed a death yak
 13471 | D:12     | Reached skill level 17 in Armour
 13651 | D:5      | Bought a pitted plate armour for 588 gold pieces
 13651 | D:5      | Identified the +9 plate armour of the Moon {Harm rC++ rCorr
                  | Int-5} (You bought it in a shop on level 5 of the Dungeon)
 13756 | Orc:1    | Entered Level 1 of the Orcish Mines
 13766 | Orc:1    | Reached XP level 13. HP: 95/95 MP: 19/19
 14134 | Orc:1    | Noticed Sonja
 14151 | Orc:1    | Killed Sonja
 14490 | Orc:2    | Entered Level 2 of the Orcish Mines
 14517 | Orc:2    | Noticed Erolcha
 14526 | Orc:2    | Killed Erolcha
 14534 | Orc:2    | Slain by an orc knight

Illustrated notes

Levels and vault maps discovered:
D:1:      saegor_arrival_simple_e, layout_loops_ring
D:2:      layout_loops_corners, serial_rivers, chequers_serial_rivers_micro_a,
          chequers_serial_rivers_room_b, chequers_serial_rivers_room_a,
          chequers_serial_rivers_room_a, chequers_serial_rivers_large_b,
          chequers_serial_rivers_small_b, nicolae_underground_beach, uniq_robin
D:3:      layout_loops_cross, minitemple, mainiacjoe_overflow_alcove_1
D:4:      layout_gridville, nicolae_ossuary_entry_plus, serial_co_window_serial,
          co_window_paths_a, co_window_paths_a, co_window_paths_b,
          co_window_of_opportunity_a, co_window_paths_b,
          co_window_unsneaky_path_e, co_window_broadway_c,
          co_window_of_opportunity_b, co_window_corner_b,
          co_window_unsneaky_path_b, co_window_4corner_b, glass_columns_a,
          glass_columns_a, glass_columns_a, glass_columns_a, glass_columns_b,
          kennysheep_opposing_triangles
D:5:      layout_layer_cave, grunt_gozag_breadcrumbs,
          mainiacjoe_overflow_catwalk, minmay_shop_grid_forest
D:6:      layout_loops_corners, portal_sewer_entry_f
D:7:      layout_basic, mainiacjoe_overflow_alcove_4,
          minmay_temple_entry_butterflies, serial_shops, nicolae_stop_n_shop_2,
          dreamdust_gnoll_farm
D:8:      layout_loops_corners, nzn_hepliaklqana_mist_gate
D:9:      layout_layer_cave, nicolae_overflow_hidden_temple,
          nicolae_overflow_crystal_walls, erik_lair_orcish_takeover,
          orc_0_dummy, uniq_erica
D:10:     minmay_twisted_water, layout_basic, enter_bailey_3, serial_shops,
          kennysheep_little_box
D:11:     layout_cave_pods
D:12:     kennysheep_seaside_town, layout_cave_pools, portal_ice_cave_rime
Temple:   nicolae_temple_godzebo
Orc:1:    layout_diamond_mine, uniq_sonja
Orc:2:    grunt_orc_cross, layout_caves, serial_shops, nicolae_shop_crystal

Skill      XL: |  1  2  3  4  5  6  7  8  9 10 11 12 |
---------------+-------------------------------------+-----
Dodging        | 1 3 |  3.0
Shields        | 4 5 |  5.0
Throwing       | 3 4 6 |  6.0
Long Blades    | 3 7 11 14 | 14.0
Evocations     | 2 |  2.0
Invocations    | 2 9 10 | 10.0
Armour         | 12 17 | 17.8
Fighting       | |  3.6

Action                     |  1- 3 |  4- 6 |  7- 9 | 10-12 | 13-15 || total
---------------------------+-------+-------+-------+-------+-------++-------
  Melee: Long sword        |    84 |   163 |   177 |       |       ||   424
         Headbutt          |    16 |    29 |    58 |   104 |    14 ||   221
         Falchion          |       |       |   101 |       |       ||   101
         Kick              |       |       |    22 |    73 |       ||    95
         Scimitar          |       |       |     7 |   515 |   128 ||   650
  Throw: Dart              |       |       |     7 |     2 |       ||     9
 Invoke: Recall Undead Har |       |       |       |     4 |     1 ||     5
         Dark Bargain      |       |       |       |     1 |       ||     1
  Evoke: Wand              |       |       |       |     8 |       ||     8
    Use: Scroll            |     4 |     2 |    13 |    12 |     1 ||    32
         Potion            |       |     2 |     2 |     2 |       ||     6
   Stab: Distracted        |       |       |     2 |     5 |       ||     7
 Armour: Scale mail        |    22 |       |       |       |       ||    22
         Plate armour      |    42 |   179 |   345 |   245 |   124 ||   935
         Chain mail        |       |       |       |   141 |       ||   141
         Skin              |       |       |       |     1 |       ||     1
  Dodge: Dodged            |    31 |    78 |   139 |   150 |    49 ||   447
  Block: Buckler           |    26 |    41 |   123 |   146 |    47 ||   383
